 Dungeon Crawl Stone Soup version 0.24.0-35-gdb84b6a5db (webtiles) character file.

Game seed: 7050848437203673070, levelgen mode: deterministic

49 Galdor the Chopper (level 3, -1/27 HPs)
             Began as a Vampire Gladiator on Nov 20, 2019.
             Killed from afar by Natasha (8 damage)
             ... with a magic dart
             ... on level 1 of the Dungeon.
             The game lasted 00:05:05 (329 turns).

Galdor the Chopper (Vampire Gladiator)               Turns: 329, Time: 00:05:05

Health: -1/27      AC:  4    Str: 14    XL:     3   Next: 53%
Magic:  3/3        EV: 13    Int: 10    God:
Gold:   43         SH:  0    Dex: 15    Spells: 2/2 levels left

rFire    . . .     SeeInvis +   a - +0 war axe
rCold    . . .     Gourm    .   (no shield)
rNeg     . . .     Faith    .   b - +0 leather armour
rPois    .         Spirit   .   c - +0 helmet
rElec    .         Reflect  .   (no cloak)
rCorr    .         Harm     .   (no gloves)
MR       .....                  (no boots)
Stlth    ++........             o - amulet of inaccuracy (curse)
HPRegen  0.29/turn              (no ring)
MPRegen  0.08/turn              (no ring)

@: regenerating quickly, slowed, very slow
A: no food, fangs 3, see invisible, unbreathing
a: Exsanguinate


You were on level 1 of the Dungeon.
You were alive.

You visited 1 branch of the dungeon, and saw 2 of its levels.

You collected 43 gold pieces.

Inventory:

Hand Weapons
 a - a +0 war axe (weapon)
Missiles
 d - a throwing net (quivered)
 f - 39 sling bullets
 i - 20 stones
 m - 19 bolts
 n - 4 javelins
Armour
 b - a +0 leather armour (worn)
 c - a +0 helmet (worn)
 e - a cursed +0 ring mail
Jewellery
 o - a cursed amulet of inaccuracy (around neck)
Wands
 k - a wand of flame (3)
Potions
 g - 2 potions of heal wounds
 h - a potion of invisibility {unknown}


   Skills:
 - Level 1.7 Fighting
 + Level 4.0 Axes
 - Level 1.5 Throwing
 - Level 3.2 Dodging
 * Level 1.9 Stealth


You had 2 spell levels left.
You didn't know any spells.
Your spell library was empty.

Dungeon Overview and Level Annotations

Branches:
Dungeon (2/15)

Altars:

Annotations:
D:1 Natasha


Innate Abilities, Weirdness & Mutations

You do not eat.
Your natural rate of healing is unusually fast.
You have razor-sharp teeth.
You have supernaturally acute eyesight. (SInv)
You can survive without breathing.


Message History

Natasha is lightly wounded.
You barely miss the white imp. The white imp closely misses you.
Natasha struggles against the net.
The white imp barely misses you.
You closely miss Natasha.
Natasha is lightly wounded.
You closely miss the white imp.
Natasha struggles against the net.
The white imp hits you. The white imp freezes you.
Natasha struggles against the net.
You barely miss Natasha. You bite Natasha.
Natasha is lightly wounded.
You completely miss the white imp.
The white imp shouts, "Get thee gone, thou fawning unchin-snouted joithead!"
The white imp gestures at you. The puff of frost hits you!
* * * LOW HITPOINT WARNING * * *
Natasha struggles against the net.
The net rips apart, and Natasha comes free!
Natasha casts a spell at you. The magic dart hits you!
You die...

#...#...... #...#......
###...#...... ###
.......... .. #.......
#.## #....### ..# ##
#####......# #.#
.####5.....#.#.#####.
#.##
.#..@h######.........
##### #>.##...####
##.#####..
......##.....#
###.#......
......†.)..#.#
####.....###..
.......##..#.#
####.............
......# #..#.#
#.....[########..
......###..#.#...###.##
##. #.#####........#
#.# #. # .....#....###
#.# ##


You could see Natasha and a white imp.

Vanquished Creatures
  Natasha (D:2)
  A worm (D:2)
  2 dart slugs (D:1)
  2 bats
  A giant cockroach (D:2)
  3 hobgoblins
  A quokka (D:2)
  4 goblins (D:1)
  3 rats
18 creatures vanquished.

Notes
Turn   | Place    | Note
-------+----------+-------------------------------------------
     0 | D:1      | Galdor the Vampire Gladiator began the quest for the Orb.
     0 | D:1      | Reached XP level 1. HP: 16/16 MP: 1/1
     7 | D:1      | Noticed an electric eel
    51 | D:1      | You fall into a shaft and drop 1 floor!
    60 | D:2      | Reached skill level 3 in Axes
    73 | D:2      | Reached XP level 2. HP: 7/22 MP: 2/2
   176 | D:2      | Noticed Natasha
   184 | D:2      | Killed Natasha
   184 | D:2      | Reached skill level 1 in Stealth
   184 | D:2      | Reached XP level 3. HP: 15/27 MP: 3/3
   255 | D:1      | inacc, sigh
   289 | D:1      | Reached skill level 4 in Axes
   316 | D:2      | Noticed Natasha
   329 | D:1      | Killed from afar by Natasha

Levels and vault maps discovered:
D:1:      arrival_aquarium_a, layout_rooms
D:2:      layout_loops_ring, overflow_temple_1_default, marbit_many_paths,
          first_ration, uniq_natasha, uniq_robin

Skill      XL: |  1  2  3 |
---------------+----------+-----
Axes           | 3 4 |  4.0
Stealth        | 1 |  1.9
Fighting       | |  1.7
Throwing       | |  1.5
Dodging        | |  3.2

Action                   || total
-------------------------++-------
Melee: War axe           ||    51
       Bite              ||     4
Throw: Throwing net      ||     2
  Use: Scroll            ||     3
Armor: Leather armour    ||    10
Dodge: Dodged            ||    34
